 Dungeon Crawl Stone Soup version bcrawl-1.23 (webtiles) character file.

Game seed: 9997210955534278735

1628 Delver the Summoner (level 8, -2/43 HPs)
             Began as an Avariel Summoner on May 29, 2020.
             Was a Follower of Sif Muna.
             Slain by a porcupine (6 damage)
             ... on level 8 of the Dungeon on May 30, 2020.
             The game lasted 02:58:57 (8296 turns).

Delver the Summoner (Avariel Summoner)              Turns: 8296, Time: 02:58:58

Health: -2/43      AC:  8    Str: 13    XL:     8   Next: 97%
Magic:  14/19      EV: 13    Int: 23    God:    Sif Muna [*.....]
Gold:   778        SH:  0    Dex: 15    Spells: 8/20 levels left

rFire    x . .     SeeInvis +   K - +5 halberd "Esufetob" {holy, rPois rF- SInv Stlth+}
rCold    . . .     Gourm    .   (shield currently unavailable)
rNeg     . . .     Faith    .   v - +1 robe
rPois    +         Spirit   .   P - +2 hat {MR+}
rElec    .         Reflect  .   (no cloak)
rCorr    .         Harm     .   (no gloves)
MR       +....                  p - +2 pair of boots
Stlth    +++.......             (no amulet)
HPRegen  0.14/turn              C - ring of wizardry
MPRegen  0.16/turn              H - +6 ring of strength

@: about to teleport
A: agile 1, MP-powered wands
a: Divine Energy, Renounce Religion


You were on level 8 of the Dungeon.
You worshipped Sif Muna.
Sif Muna was aware of your devotion.
You were not hungry.

You visited 2 branches of the dungeon, and saw 9 of its levels.

You collected 778 gold pieces.

Inventory:

Hand Weapons
 a - a +2 war axe of flaming
 n - a +1 spear
 z - a +1 whip of freezing
 A - a +0 blowgun
 G - a +3 whip
 J - a +0 falchion of electrocution
 K - the +5 halberd "Esufetob" (weapon) {holy, rPois rF- SInv Stlth+}
   (You found it on level 6 of the Dungeon)

   It has been blessed by the Shining One to cause great damage to the undead
   and demons.
   It makes you vulnerable to fire.
   It protects you from poison.
   It lets you see invisible.
   It makes you more stealthy.
 L - the +4 demon trident "Wadillist" {elec, *Drain rF++ rN+}
   (You acquired it on level 6 of the Dungeon)

   Occasionally, upon striking a foe, it will discharge some electrical energy
   and cause terrible harm.
   It greatly protects you from fire.
   It protects you from negative energy.
   It causes draining when unequipped.
 X - a +0 broad axe
Missiles
 h - 2230 stones
 q - 805 arrows
 y - 751 sling bullets
 B - 157 poisoned needles
 F - 46 poisoned tomahawks (quivered)
 N - 64 needles of confusion
 S - 90 javelins
Armour
 p - a +2 pair of boots (worn)
 r - a +2 hat
 u - a +0 leather armour
 v - a +1 robe (worn)
 P - a +2 hat of magic resistance (worn)
 Q - a +0 troll leather armour
Magical Staves
 s - an uncursed staff of cold
Jewellery
 C - a ring of wizardry (left hand)
 H - a +6 ring of strength (right hand)
Wands
 l - a wand of flame (7)
 o - a wand of enslavement (3)
 V - a wand of digging (7)
Scrolls
 c - a scroll of summoning
 f - a scroll of identify
 i - a scroll of fear
 w - 2 scrolls of fog
 x - 4 scrolls of teleportation
 O - a scroll of amnesia
 T - 2 scrolls of remove curse
Potions
 j - a potion of agility
 I - 3 potions of flight
 U - a potion of lignification
 Y - a potion of curing {unknown}
Comestibles
 e - 6 rations {!d}


   Skills:
 + Level 1.3 Fighting
 * Level 4.2(4.3) Polearms
 + Level 1.0(3.1) Staves
 + Level 1.8 Throwing
 + Level 2.5 Dodging
 + Level 2.7 Stealth
 + Level 6.5 Spellcasting
 + Level 9.4 Summonings
 + Level 2.9 Ice Magic
 + Level 0.2 Air Magic
 + Level 0.3 Evocations


You had 8 spell levels left.
You knew the following spells:

 Your Spells              Type           Power        Failure   Level  Hunger
a - Summon Small Mammal   Summ           ####         1%          1    None
b - Call Imp              Summ           ######       1%          2    None
c - Summon Ice Beast      Ice/Summ       #####...     2%          4    ###....
d - Summon Lightning Spi  Summ/Air       ####....     12%         5    #####..

Your spell library contained the following spells:

 Spells                   Type           Power        Failure   Level  Hunger
 Call Canine Familiar     Summ           ######..     1%          3    None


Dungeon Overview and Level Annotations

Branches:
Dungeon (8/12)             Temple (1/1) D:5            Lair (0/6) D:8
    Orc: D:8-11

Altars:
Ashenzari
Cheibriados
Elyvilon
Fedhas
Gozag
Hepliaklqana
Kikubaaqudgha
Lugonu
Makhleb
Nemelex Xobeh
Okawaru
Qazlal
Ru
Sif Muna
Trog
Uskayaw
Vehumet
Xom
Zin
The Shining One

Annotations:
D:2 Sigmund


Innate Abilities, Weirdness & Mutations

You are agile. (Dex +2)
You expend magic power (3 MP) to strengthen your wands.


Message History

The hound bites your shadow imp.
Your shadow imp dies!
Your quokka barely misses the hound.
You can't go down here!
You hear the slow hiss of a very distant avalanche of sand.
As you climb the stairs, a rune flashes!
You stop ascending the stairs.
Your surroundings suddenly seem different.
Found a staircase to the Lair. 6 rats, 2 quokkas, 3 death yaks and an orc come into view.
The death yak bellows! x2; The orc shouts!
The death yak moves out of view. x2
You hear a bellow!
You hear a shout! x2
As you read the scroll of teleportation, it crumbles to dust.
You feel strangely unstable. The hell rat closely misses you.
The quokka barely misses you. The death yak gores you!
* * * LOW HITPOINT WARNING * * *
The quokka bites you but does no damage.
The porcupine bites you.
You die...

..# ## #.# #.
..# #
#####.##.# .##
.........## ...
..........# ..#
..........#...#
.#...#roY@....#
.Y.>...rr#+...#
..Y...rrr# ..#
Y......rr# ...
.........# ...
.......#.# ..
#.###..... . #
...... ##.. ...


You could see 2 death yaks, a hell rat, 4 porcupines, an orc, 2 quokkas and a
rat.

Vanquished Creatures
  An ogre (D:6)
  A necrophage (D:6)
  2 scorpions
  A crimson imp (D:7)
  A bullfrog skeleton (D:7)
  2 orc wizards (D:3)
  A worker ant (D:5)
  2 adders (D:4)
  2 leopard geckos
  7 orcs
  A jackal (D:3)
  A quokka (D:6)
  A bat (D:2)
  2 frilled lizards
25 creatures vanquished.

Vanquished Creatures (collateral kills)
  The ghost of Morbidden the Grappler, a novice VSMo of Zin (D:7)
  A troll (D:7)
  A sky beast (D:5)
  An ice beast (D:4)
  A necrophage (D:6)
  2 ogres
  A bullfrog (D:5)
  A scorpion (D:6)
  A crimson imp (D:7)
  A jelly (D:6)
  A centaur skeleton (D:5)
  3 orc priests
  A bullfrog skeleton (D:5)
  A hound (D:4)
  3 orc wizards
  An iguana (D:7)
  A worker ant (D:7)
  5 gnolls
  An adder (D:4)
  A shadow imp (D:5)
  An ooze (D:4)
  2 worms
  A dart slug (D:2)
  A leopard gecko (D:1)
  8 orcs
  2 bats (D:1)
  2 goblins (D:1)
  A hobgoblin (D:3)
  3 jackals (D:3)
  3 quokkas
  A ball python (D:2)
  3 frilled lizards (D:1)
  A jackal skeleton (D:4)
  7 kobolds
  2 rats (D:1)
67 creatures vanquished.

Grand Total: 92 creatures vanquished

Notes
Turn   | Place    | Note
-------+----------+-------------------------------------------
     0 | D:1      | Delver the Avariel Summoner began the quest for the Orb.
     0 | D:1      | Reached XP level 1. HP: 10/10 MP: 6/6
   101 | D:1      | Reached skill level 5 in Summonings
   447 | D:1      | Reached XP level 2. HP: 15/15 MP: 5/8
   515 | D:1      | Learned a level 2 spell: Call Imp
  1009 | D:2      | Noticed Sigmund
  2751 | D:3      | Reached XP level 3. HP: 19/19 MP: 3/9
  3372 | D:3      | Reached skill level 1 in Polearms
  3372 | D:3      | Reached XP level 4. HP: 24/24 MP: 7/11
  3447 | D:3      | Reached skill level 6 in Summonings
  3454 | D:3      | Learned a level 4 spell: Summon Ice Beast
  3515 | D:4      | Noticed an ice beast
  3533 | D:4      | Killed an ice beast
  3533 | D:4      | Reached XP level 5. HP: 26/28 MP: 5/13
  4059 | D:4      | Found a bloodstained altar of Trog.
  4108 | D:4      | Found a blossoming altar of Fedhas.
  4268 | D:4      | Reached XP level 6. HP: 24/32 MP: 3/14
  4285 | D:4      | Reached skill level 1 in Ice Magic
  4433 | D:4      | Reached skill level 7 in Summonings
  4596 | D:4      | Gained mutation: You expend magic power (3 MP) to
                  | strengthen your wands. [potion of mutation]
  4596 | D:4      | Gained mutation: You are agile. (Dex +2) [potion of
                  | mutation]
  4831 | D:5      | Entered Level 5 of the Dungeon
  4902 | D:5      | Learned a level 5 spell: Summon Lightning Spire
  5187 | D:5      | Reached skill level 8 in Summonings
  5187 | D:5      | Reached XP level 7. HP: 36/36 MP: 6/16
  5257 | D:5      | Found a staircase to the Ecumenical Temple.
  5262 | Temple   | Entered the Ecumenical Temple
  5326 | Temple   | Became a worshipper of Sif Muna the Loreminder
  5630 | D:5      | Found a burning altar of Makhleb.
  6161 | D:6      | Found a glowing silver altar of Zin.
  6233 | D:6      | Reached skill level 1 in Staves
  6281 | D:6      | Got a smoking halberd
  6282 | D:6      | Identified the +5 halberd "Esufetob" {holy, rPois rF- SInv
                  | Stlth+} (You found it on level 6 of the Dungeon)
  6299 | D:6      | Reached skill level 5 in Spellcasting
  6353 | D:6      | Identified a scroll of acquirement
  6354 | D:6      | Identified the +4 demon trident "Wadillist" {elec, *Drain
                  | rF++ rN+} (You acquired it on level 6 of the Dungeon)
  6354 | D:6      | Identified the Papyrus of the Enchanting Frostbite (You
                  | acquired it on level 6 of the Dungeon)
  6682 | D:7      | Reached XP level 8. HP: 42/42 MP: 9/17
  6688 | D:7      | Found a runed translucent door.
  6690 | D:7      | Noticed Morbidden's ghost (novice VSMo)
  6703 | D:7      | Killed Morbidden's ghost
  6703 | D:7      | Reached * piety under Sif Muna
  6703 | D:7      | Reached skill level 1 in Fighting
  6703 | D:7      | Reached skill level 1 in Throwing
  6703 | D:7      | Reached skill level 9 in Summonings
  6843 | D:7      | Found a corrupted altar of Lugonu.
  6851 | D:7      | Noticed a troll
  7270 | D:7      | Killed a troll
  8294 | D:8      | Found a staircase to the Lair.
  8294 | D:8      | Noticed a death yak
  8294 | D:8      | Noticed a death yak
  8294 | D:8      | Noticed a death yak
  8296 | D:8      | Slain by a porcupine

Skill      XL: |  1  2  3  4  5  6  7  8 |
---------------+-------------------------+-----
Summonings     | 5 6 8 9 |  9.4
Spellcasting   | 3 4 5 6 |  6.5
Polearms       | 1 3 4 |  4.2
Ice Magic      | 1 2 |  2.9
Staves         | 1 |  1.0
Fighting       | 1 |  1.3
Throwing       | 1 |  1.8
Dodging        | |  2.5
Stealth        | |  2.7
Air Magic      | |  0.2
Evocations     | |  0.3

Action                   |  1- 3 |  4- 6 |  7- 9 || total
-------------------------+-------+-------+-------++-------
Melee: Unarmed           |     1 |       |       ||     1
       Spear             |    36 |    29 |    12 ||    77
       Short sword       |     2 |       |       ||     2
       Staff             |     1 |       |       ||     1
       Halberd           |       |       |    20 ||    20
 Fire: Blowgun           |       |     8 |     9 ||    17
Throw: Stone             |    16 |     4 |       ||    20
       Tomahawk          |       |    15 |    34 ||    49
       Javelin           |       |       |     5 ||     5
 Cast: Summon Small Mamm |    56 |    30 |    15 ||   101
       Call Imp          |    41 |     9 |     8 ||    58
       Summon Ice Beast  |       |    15 |    26 ||    41
       Summon Lightning  |       |     1 |     2 ||     3
Evoke: Wand              |     1 |     7 |     3 ||    11
  Use: Scroll            |     7 |     2 |    12 ||    21
       Potion            |     4 |     3 |     1 ||     8
 Stab: Sleeping          |     2 |       |       ||     2
  Eat: Ration            |     3 |     1 |     4 ||     8
       Chunk             |     1 |     4 |     1 ||     6
Armor: Robe              |     5 |     1 |     8 ||    14
Dodge: Dodged            |    16 |     7 |    14 ||    37
